AoeStats
← vtuläski

MegaRandom

509137757Analyzed
2v2 RM · 8d ago on Sep 25, 2026· 70m 19s· 4 players
Game mode
Random Map
Map size
Medium (4 player)
Population
200
Speed
Normal
Resources
Standard
Victory
Conquest
Starting age
Dark Age
Ending age
Imperial Age
RankedLock teamsTeams togetherTeam positionsShared explorationLock speedFull tech treeHidden civsTurbo modeCheats
Victory
Defeat
🇫🇮 Britons · Finland
587
+10
🇫🇮 Bulgarians · Finland
513
+13
🇺🇸 Hindustanis · United States
489
-13
🇫🇷 Persians · France
422
-10
NWI Nutball
16:35 Feudal Age
18:14 Wheelbarrow
18:14 Man-at-Arms
18:42 Arson
19:50 Double-Bit Axe
19:52 Horse Collar
22:37 Gold Mining
22:38 Stone Mining
22:45 Loom
27:12 Fletching
27:33 Forging
27:26 Padded Archer Armor
27:28 Scale Mail Armor
39:22 Castle Age
38:34 Scale Barding Armor
42:55 Hand Cart
43:27 Iron Casting
42:49 Bodkin Arrow
43:47 Leather Archer Armor
44:32 Gold Shaft Mining
44:33 Stone Shaft Mining
44:42 Heavy Plow
45:18 Chain Mail Armor
46:57 Crossbowman
47:02 Elite Skirmisher
50:14 Bow Saw
50:48 Thumb Ring
54:02 Chain Barding Armor
54:43 Long Swordsman
55:24 Squires
54:52 Pikeman
56:29 Grand Trunk Road
hugo.halle1
14:05 Feudal Age
14:43 Double-Bit Axe
14:43 Horse Collar
17:50 Gold Mining
24:55 Padded Archer Armor
24:45 Fletching
27:06 Castle Age
28:14 Crossbowman
28:59 Thumb Ring
31:32 Bow Saw
32:00 Gold Shaft Mining
31:55 Ballistics
34:25 Leather Archer Armor
34:05 Bodkin Arrow
51:14 Imperial Age
48:46 Stone Mining
50:44 Stone Shaft Mining
50:24 Scale Barding Armor
50:30 Forging
50:39 Scale Mail Armor
53:07 Chemistry
53:10 Elite War Elephant
69:47 Citadels
69:03 Elite Skirmisher
69:09 Heavy Cavalry Archer
vtuläski
19:02 Feudal Age
20:47 Wheelbarrow
20:29 Horse Collar
21:04 Double-Bit Axe
27:01 Padded Archer Armor
26:52 Fletching
27:12 Forging
27:03 Scale Mail Armor
27:05 Gold Mining
27:06 Stone Mining
37:55 Castle Age
42:15 Elite Skirmisher
48:09 Bow Saw
53:49 Hand Cart
64:42 Imperial Age
64:42 Fishing Lines
Simpauttaja
9:33 Loom
12:24 Feudal Age
13:02 Double-Bit Axe
15:59 Wheelbarrow
16:53 Horse Collar
22:19 Castle Age
20:19 Fletching
20:30 Padded Archer Armor
21:12 Gold Mining
21:13 Stone Mining
22:35 Crossbowman
31:39 Hand Cart
37:50 Imperial Age
35:44 Leather Archer Armor
35:25 Bodkin Arrow
40:46 Ring Archer Armor
43:06 Elite Longbowman
46:26 Ballistics
47:07 Chemistry
47:18 Onager
48:03 Bracer
48:42 Bow Saw
48:47 Heavy Plow
49:31 Capped Ram
Connection lost

Rejoining the realm…

Still unreachable

The connection could not be restored.

Session expired

The server has moved on; the page needs a fresh start.